 Dungeon Crawl Stone Soup version 0.29.1-15-g9cfb28693d (webtiles) character file.

Game seed: 4189044590618710975

67 pokedragonboy the Covered (level 4, -1/32 (40) HPs)
             Began as a Meteoran Fighter on Mar 13, 2023.
             Slain by a gnoll
             ... wielding a +2 flail of protection
              (7 damage)
             ... on level 4 of the Dungeon.
             The game lasted 00:02:47 (1165 turns).

pokedragonboy the Covered (Meteoran Fighter)        Turns: 1165, Time: 00:02:47

HP:   -1/32 (40)    AC:  9    Str: 19    XL:     4   Next: 65%
MP:   5/5           EV:  7    Int:  9    God:
Gold: 40            SH:  0    Dex: 14    Spells: 3/3 levels left

rFire   . . .      SeeInvis .   a - +0 war axe
rCold   . . .      Faith    .   l - orb {light}
rNeg    . . .      Spirit   .   f - +0 chain mail
rPois   .          Reflect  .   (no helmet)
rElec   .          Harm     .   (no cloak)
rCorr   .          Rampage  .   (no gloves)
Will    .....                   (no boots)
Stlth   ..........              (no amulet)
HPRegen 0.10/turn               (no ring)
MPRegen 0.09/turn               (no ring)

@: glowing, heavily drained
A: sense surroundings 1, otherworldly, glowing, explore regen
a: no special abilities


You were on level 4 of the Dungeon.
You visited 1 branch of the dungeon, and saw 3 of its levels.

You collected 40 gold pieces.

Inventory:

Hand Weapons
 a - a +0 war axe (weapon)
Missiles
 i - a throwing net (quivered)
Armour
 b - a +0 scale mail
 c - a +0 buckler
 f - a +0 chain mail (worn)
 l - an orb of light (worn)
Scrolls
 g - 3 scrolls of identify {unknown}
 h - a scroll of blinking {unknown}
 k - a scroll of teleportation
Potions
 d - a potion of might
 e - a potion of flight {unknown}
 j - a potion of mutation {unknown}


   Skills:
 + Level 3.8 Fighting
 * Level 3.8 Axes
 + Level 4.1 Armour
 + Level 4.1 Shields


You had 3 spell levels left.
You didn't know any spells.
Your spell library was empty.

Dungeon Overview and Level Annotations

Branches:
Dungeon (2/15) Zot: 796

Altars:


Innate Abilities, Weirdness & Mutations

You passively map a small area around you.
You are easily found by Zot.
You glow in the dark.
You regain HP and MP as you explore.


Message History

The gnoll shouts!
You hear a shout!
A gnoll comes into view.
It is wielding a +2 flail of protection.
The hobgoblin hits you.
The gnoll shouts!
You slash the hobgoblin!
You kill the hobgoblin!
A gnoll comes into view. It is wielding a +0 whip.
You see here a hobgoblin corpse.
The gnoll shouts!
The gnoll hits you but does no damage.
You hit the gnoll but do no damage. You hit the gnoll.
The gnoll is lightly wounded.
You hit the gnoll. The gnoll barely misses you.
You hit the gnoll but do no damage.
The gnoll is moderately wounded.
You hit the gnoll but do no damage.
A gnoll comes into view. It is wielding a +0 whip.
The gnoll barely misses you. The gnoll hits you but does no damage.
You slash the gnoll!
The gnoll is almost dead.
You slash the gnoll! You hit the gnoll but do no damage.
The gnoll closely misses you.
The gnoll hits you with a +2 flail of protection.
The gnoll hits you but does no damage.
You hit the gnoll but do no damage.
The gnoll is almost dead.
You slash the gnoll!
You kill the gnoll!
You hit the gnoll.
The gnoll hits you with a +2 flail of protection!
The gnoll hits you but does no damage. The gnoll hits you with a +0 club.
The gnoll hits you with a +2 flail of protection!
* * * LOW HITPOINT WARNING * * *
Unknown command.
You hit the gnoll.
The gnoll is severely wounded.
You hit the gnoll but do no damage.
The gnoll hits you with a +2 flail of protection!
You die...

** , * ,* ,*
##.################
...?..g@†.....#...## #
......gg....#..###.#####
.#.########....#........
##...#.#.##### *
#..#...###### , *
#..##.###..). , ,,, *
*#......##.### , , ,
.......#.##.#
######.#.##.#


You could see 3 gnolls.

Vanquished Creatures
  A gnoll (D:4)
  2 adders
  A worm (D:2)
  7 ball pythons
  2 bats (D:1)
  3 endoplasms
  A giant cockroach (D:1)
  2 goblins (D:2)
  3 hobgoblins
  4 jackals (D:1)
  3 kobolds
  A quokka (D:2)
  A frilled lizard (D:2)
  4 rats (D:1)
35 creatures vanquished.

Notes
Turn   | Place    | Note
-------+----------+-------------------------------------------
     0 | D:1      | pokedragonboy the Meteoran Fighter began the quest for the
                  | Orb.
     0 | D:1      | Reached XP level 1. HP: 19/19 MP: 2/2
    34 | D:1      | Reached XP level 2. HP: 18/26 MP: 3/3
   458 | D:1      | Reached XP level 3. HP: 30/31 MP: 4/4
   478 | D:1      | Glimpsed the power of Zot.
   526 | D:1      | Glimpsed the power of Zot.
   564 | D:1      | Glimpsed the power of Zot.
   574 | D:1      | Touched by the power of Zot.
   675 | D:1      | Glimpsed the power of Zot.
   725 | D:1      | Glimpsed the power of Zot.
  1077 | D:2      | Reached XP level 4. HP: 26/28 MP: 5/5
  1100 | D:2      | You fall into a shaft and drop 2 floors!
  1165 | D:4      | Slain by a gnoll

Illustrated notes

Levels and vault maps discovered:
D:1:      dpeg_chamrin_arrival_tetris, layout_basic, serial_forest,
          infiniplex_forest_join, infiniplex_forest_corner_1,
          infiniplex_forest_side_room, infiniplex_forest_lined_3_way,
          infiniplex_forest_clump_medium, infiniplex_forest_straight_1,
          infiniplex_forest_lined_corner, infiniplex_forest_clump_curved,
          infiniplex_forest_lined_room_3, minmay_bisected
D:2:      minmay_wonky_spiral, layout_rooms,
          dreamdust_ecumenical_altar_hidden_monk_grotto
D:4:      layout_loops_ring, ebering_ghost_sewer_d, kennysheep_generic_room_5,
          uniq_pikel, uniq_menkaure

Skill      XL: |  1  2  3 |
---------------+----------+-----
Axes           | 3 |  3.8
Armour         | 4 |  4.1
Shields        | 4 |  4.1
Fighting       | |  3.8

Action                   |  1- 3 |  4- 6 || total
-------------------------+-------+-------++-------
Melee: War axe           |    85 |    17 ||   102
  Use: Scroll            |     2 |       ||     2
Armor: Scale mail        |    51 |       ||    51
       Chain mail        |    17 |    10 ||    27
Dodge: Dodged            |    36 |     5 ||    41
Block: Buckler           |    27 |       ||    27
